 Dungeon Crawl Stone Soup version 0.20.1-1-g8b1a95d (webtiles) character file.

15286 Nahar the Blocker (level 11, -40/99 HPs)
             Began as a Deep Dwarf Fighter on July 13, 2017.
             Was a High Priest of the Shining One.
             Killed from afar by a frost giant (43 damage)
             ... with a bolt of cold
             ... in an ice cave.
             The game lasted 00:47:51 (8570 turns).

Nahar the Blocker (Deep Dwarf Fighter)              Turns: 8570, Time: 00:47:52

Health: -40/99     AC: 16    Str: 26    XL:     11   Next: 99%
Magic:  9/9        EV: 10    Int:  9    God:    the Shining One [*****.]
Gold:   684        SH: 16    Dex: 12    Spells: 10/10 levels left

rFire    . . .     SeeInvis .   G - +5 mace (flame)
rCold    . . .     Gourm    .   c - +3 shield
rNeg     + + .     Faith    .   u - +0 chain mail
rPois    .         Spirit   .   o - +0 helmet
rElec    .         Reflect  .   (no cloak)
rCorr    .         Harm     .   f - +0 pair of gloves
MR       +....                  F - +0 pair of boots
Stlth    ..........             (no amulet)
Regen    0.0/turn               t - ring of magical power
MPRegen  0.2/turn               w - +3 ring of strength

@: flying, non-regenerating, glowing
A: damage resistance, heal wounds, sense surroundings 2, no regeneration
a: Heal Wounds, Divine Shield, Cleansing Flame, Summon Divine Warrior, Renounce
Religion


You were in an ice cave.
You worshipped the Shining One.
The Shining One was extremely pleased with you.
You were not hungry.

You visited 2 branches of the dungeon, and saw 12 of its levels.
You also visited: Ice Cave.

You collected 684 gold pieces.

Inventory:

Hand Weapons
 G - a +5 mace of flaming (weapon)
Armour
 c - a +3 shield (worn)
 f - a +0 pair of gloves (worn)
 n - the +1 robe of Luefao {rPois rC- Str+5}
   (You found it on level 11 of the Dungeon)

   It affects your strength (+5).
   It makes you vulnerable to cold.
   It protects you from poison.
 o - a +0 helmet (worn)
 u - a +0 chain mail (worn)
 F - a +0 pair of boots (worn)
Jewellery
 r - a cursed ring of loudness
 t - a ring of magical power (left hand)
 w - a +3 ring of strength (right hand)
Wands
 a - a wand of disintegration (4/24)
 l - a wand of iceblast (0/15)
 p - a wand of iceblast (0/15)
 q - a wand of flame (0/48)
 D - a wand of clouds (3/9)
 I - a wand of flame (22/48)
Scrolls
 b - 2 scrolls of identify
 k - 8 scrolls of remove curse
 s - a scroll of fear
 B - a scroll of blinking
 C - 3 scrolls of teleportation
 E - 2 scrolls of fog
Potions
 d - 4 potions of might
 e - a potion of magic {unknown}
 h - a potion of lignification
 i - a potion of haste {unknown}
 j - 3 potions of flight
 x - a potion of resistance {unknown}
 z - 4 potions of curing
 A - a potion of berserk rage {unknown}
 H - 2 potions of brilliance
 J - a potion of agility {unknown}
Comestibles
 g - 8 royal jellies
 m - 4 fruits
 v - 4 bread rations
 K - a meat ration


   Skills:
 + Level 6.7 Fighting
 + Level 11.0 Maces & Flails
 * Level 10.3 Armour
 + Level 3.5 Dodging
 + Level 1.0 Stealth
 * Level 12.4 Shields
 + Level 2.2 Evocations


You had 10 spell levels left.
You didn't know any spells.

Dungeon Overview and Level Annotations

Branches:
Dungeon (11/15)            Temple (0/1) D:7            Lair (1/6) D:8
    Orc: D:9-12

Altars:
Ashenzari
Cheibriados
Gozag
Hepliaklqana
Makhleb
Qazlal
Ru
Sif Muna
Trog
Uskayaw
Xom
Zin
The Shining One

Shops:
D:7 [

Annotations:
IceCv exclusion: 2 ice statues


Innate Abilities, Weirdness & Mutations

You are resistant to damage.
You can heal yourself by infusing magical energy.
You passively map the area around you.
You do not regenerate.


Message History

The bolt of cold hits you!
* * * LOW HITPOINT WARNING * * *
You hit the frost giant but do no damage.
The frost giant is lightly wounded.
You hear a howl!
The frost giant gestures at you while chanting.
The bolt of cold hits you!
* * * LOW HITPOINT WARNING * * *
You don't have enough innate magic capacity.
You don't have enough innate magic capacity.
Really fly into that cloud of freezing vapour? [Y]es or [N]o only, please.
Really fly into that cloud of freezing vapour?
Okay, then.
The frost giant casts a spell at you. The bolt of cold hits you!
The Shining One protects you from harm! The frost giant casts a spell at you.
The bolt of cold hits you!
You die...

......####
#.#.# ###..##
##..### ####
#..##≈## *
##.## ≈≈# * ,*
#.#.##≈≈#### *
≈ *
##..≈≈≈≈≈≈≈≈ #
##§≈≈≈≈≈≈≈≈
###§§§###### *
* #≈≈≈@§.#, ,
,,* ≈
#≈≈≈≈###Ch.....
* * * #≈≈≈≈# ,
.Y.###., ,, * ≈
≈ ≈≈≈### ,,..##
,*, ≈ ≈ ###
..#, , ≈ ,,..#
, * * * , ... *
* ** * , ,
...,** , * ,, ,
* ,, ,,


You could see a frost giant and a wolf.

Vanquished Creatures
  3 two-headed ogres
  The ghost of empire the Fighter, a novice MiFi of Nemelex Xobeh (D:8)
  A deep elf mage (D:8)
  A manticore (D:11)
  An ugly thing (D:11)
  9 polar bears (IceCv)
  3 hippogriffs
  13 yaks
  The ghost of vishdafish the Shield-Bearer, an amateur FoFi (D:6)
  A hungry ghost (D:8)
  A porcupine (Lair:1)
  3 ice beasts
  A black bear (D:9)
  6 orc warriors
  4 phantoms
  4 sky beasts
  8 ogres
  4 centaurs
  3 wolves (IceCv)
  A crocodile (D:8)
  4 big kobolds
  8 bullfrogs
  2 gnoll sergeants
  2 wyvern skeletons
  3 scorpions
  6 killer bees (D:8)
  17 wights
  3 howler monkeys
  A bullfrog zombie (D:11)
  4 crimson imps
  2 quasits
  A centaur zombie (D:8)
  A centaur skeleton (D:9)
  2 jellies (D:10)
  3 orc priests
  7 hounds
  Jessica (D:2)
  4 iguanas
  5 orc wizards
  13 worker ants
  20 gnolls
  A howler monkey skeleton (D:8)
  13 adders
  2 shadow imps
  5 worms
  A dart slug (D:1)
  4 leopard geckos
  26 orcs
  7 bats
  8 giant cockroaches
  4 goblins
  11 hobgoblins
  28 jackals
  63 kobolds
  4 quokkas
  2 ball pythons (D:4)
  3 frilled lizards
  2 quokka skeletons
  A quokka zombie (D:7)
  8 rats
371 creatures vanquished.

Notes
Turn   | Place    | Note
-------+----------+-------------------------------------------
     0 | D:1      | Nahar the Deep Dwarf Fighter began the quest for the Orb.
     0 | D:1      | Reached XP level 1. HP: 20/20 MP: 1/1
    90 | D:1      | Reached XP level 2. HP: 27/27 MP: 2/2
   366 | D:1      | Found a shattered altar of Ashenzari.
   709 | D:2      | Found a hazy altar of Hepliaklqana.
   776 | D:2      | Found a glowing golden altar of the Shining One.
   820 | D:2      | Became a worshipper of the Shining One
   955 | D:2      | Reached XP level 3. HP: 26/34 MP: 3/3
   995 | D:2      | Noticed Jessica
  1003 | D:2      | Killed Jessica
  1112 | D:2      | Found a sacrificial altar of Ru.
  1115 | D:2      | Reached XP level 4. HP: 12/42 MP: 4/4
  1771 | D:3      | Found a bloodstained altar of Trog.
  2014 | D:3      | Reached XP level 5. HP: 12/49 MP: 5/5
  2255 | D:4      | Reached * piety under the Shining One
  2482 | D:4      | Reached skill level 1 in Dodging
  2482 | D:4      | Reached skill level 4 in Shields
  2678 | D:4      | Reached XP level 6. HP: 13/56 MP: 5/5
  3054 | D:4      | Reached skill level 5 in Maces & Flails
  3054 | D:4      | Reached skill level 5 in Shields
  3054 | D:4      | Reached XP level 7. HP: 27/63 MP: 5/5
  3217 | D:4      | Found a shimmering altar of Xom.
  3378 | D:5      | Entered Level 5 of the Dungeon
  3449 | D:5      | Reached skill level 5 in Armour
  3594 | D:5      | Reached ** piety under the Shining One
  3669 | D:5      | Reached skill level 6 in Shields
  3712 | D:5      | Found an opulent altar of Gozag.
  4013 | D:6      | Found a stormy altar of Qazlal.
  4079 | D:6      | Reached XP level 8. HP: 46/72 MP: 6/6
  4137 | D:6      | Noticed vishdafish's ghost (amateur FoFi)
  4160 | D:6      | Killed vishdafish's ghost
  4167 | D:6      | Reached skill level 7 in Shields
  4574 | D:7      | Noticed a hippogriff
  4575 | D:7      | Reached skill level 8 in Shields
  4592 | D:7      | Killed a hippogriff
  4592 | D:7      | Gained mutation: You passively map the area around you. [Deep Dwarf growth]
  4592 | D:7      | Reached XP level 9. HP: 42/79 MP: 6/6
  4652 | D:7      | Found a snail-covered altar of Cheibriados.
  4659 | D:7      | Found Oskota's Antique Armour Emporium.
  4877 | D:7      | Found a staircase to the Ecumenical Temple.
  4900 | D:7      | Reached skill level 5 in Fighting
  5088 | D:7      | Reached skill level 1 in Evocations
  5147 | D:7      | Found a deep blue altar of Sif Muna.
  5187 | D:7      | Found a burning altar of Makhleb.
  5190 | D:7      | Found a glowing silver altar of Zin.
  5190 | D:7      | Noticed an angel
  5191 | D:7      | Noticed a blizzard demon
  5327 | D:8      | Reached *** piety under the Shining One
  5341 | D:8      | Noticed a deep elf mage
  5373 | D:8      | Killed a deep elf mage
  5373 | D:8      | Reached skill level 9 in Shields
  5412 | D:8      | Reached XP level 10. HP: 49/88 MP: 8/8
  5460 | D:8      | Noticed empire's ghost (novice MiFi)
  5501 | D:8      | HP: 4/90 [empire's ghost (6)]
  5513 | D:8      | Killed empire's ghost
  5676 | D:8      | Found a staircase to the Lair.
  5730 | D:8      | Reached skill level 10 in Shields
  5854 | D:8      | Noticed a two-headed ogre
  5864 | D:8      | Killed a two-headed ogre
  6158 | D:9      | Reached **** piety under the Shining One
  6492 | D:9      | Found a hide-covered altar of Uskayaw.
  6558 | D:9      | Reached XP level 11. HP: 39/97 MP: 6/6
  6641 | D:9      | Noticed a two-headed ogre
  6658 | D:9      | Killed a two-headed ogre
  6658 | D:9      | Reached skill level 10 in Maces & Flails
  6658 | D:9      | Reached skill level 11 in Shields
  6972 | D:10     | Entered Level 10 of the Dungeon
  7180 | D:10     | Noticed a two-headed ogre
  7193 | D:10     | Killed a two-headed ogre
  7193 | D:10     | Reached skill level 1 in Stealth
  7851 | D:10     | Reached ***** piety under the Shining One
  8075 | D:11     | Noticed a purple ugly thing
  8083 | D:11     | Killed a purple ugly thing
  8177 | D:11     | Got an ancient robe
  8188 | D:11     | Identified the cursed +1 robe of Luefao {rPois rC- Str+5} (You found it on level 11 of the Dungeon)
  8190 | D:11     | Noticed a white ugly thing
  8281 | Lair:1   | Entered Level 1 of the Lair of Beasts
  8283 | Lair:1   | Noticed a seven-headed hydra
  8354 | Lair:1   | Found a frozen archway.
  8369 | IceCv    | Entered an ice cave
  8376 | IceCv    | HP: 4/99 [yak (3)]
  8385 | IceCv    | Reached skill level 10 in Armour
  8385 | IceCv    | Reached skill level 12 in Shields
  8458 | IceCv    | HP: 4/99 [ice statue] (18)]
  8560 | IceCv    | Noticed a frost giant
  8568 | IceCv    | HP: 3/99 [frost giant/bolt of cold (14)]
  8569 | IceCv    | The Shining One protects you from harm!
  8570 | IceCv    | Killed from afar by a frost giant

Skill      XL: |  1  2  3  4  5  6  7  8  9 10 11 |
---------------+----------------------------------+-----
Fighting       | 3 4 5 6 |  6.7
Maces & Flails | 3 4 5 6 7 8 9 11 | 11.0
Armour         | 4 5 6 7 8 10 | 10.3
Dodging        | 1 2 3 |  3.5
Shields        | 4 5 6 8 9 10 12 | 12.4
Evocations     | 1 2 |  2.2
Stealth        | 1 |  1.0

Action                   |  1- 3 |  4- 6 |  7- 9 | 10-12 || total
-------------------------+-------+-------+-------+-------++-------
Melee: Flail             |   106 |   221 |   378 |   188 ||   893
       Mace              |       |       |       |   432 ||   432
Invok: Divine Shield     |       |       |     1 |       ||     1
 Abil: Heal Wounds       |       |     3 |     7 |    29 ||    39
Evoke: Wand              |     1 |     1 |    18 |    15 ||    35
  Use: Scroll            |     6 |     5 |     3 |     8 ||    22
       Potion            |       |       |     2 |     7 ||     9
  Eat: Bread ration      |     1 |       |       |       ||     1
       Meat ration       |       |     1 |     2 |     2 ||     5
       Fruit             |       |       |       |     5 ||     5
Armor: Scale mail        |    51 |    26 |       |       ||    77
       Chain mail        |       |    94 |   164 |   253 ||   511
Dodge: Dodged            |    30 |    80 |    94 |   180 ||   384
Block: Shield            |    50 |   192 |   264 |   549 ||  1055
